Map: Blackpink LE

Players

Neeb - Winner!

  • Race: Protoss Protoss
  • Spawn Location: 1:00

uThermal

  • Race: Terran Terran
  • Spawn Location: 7:00

Event: WESG 2017 Haikou

VOD

Have the link to the VOD?

Description

Time

  • Played on: March 15, 2018, 7:17 a.m.
  • Length: 13:28

All games in this series

Show
View Real Time Build Order
Export as new Build Order

Neeb Protoss - Winner!

Build Orders: 1 Gate Expand, Colossus Rush 

Get SALT Encoding   

  12  0:00  Probe  
  13  0:12  Probe  
  14  0:17  Pylon  
  14  0:24  Probe  
  15  0:34  Assimilator  
  15  0:37  Probe (Chrono Boost)  
  16  0:44  Gateway  
  16  0:49  Probe (Chrono Boost)  
  17  0:54  Probe (Chrono Boost)  
  18  1:05  Probe  
  19  1:18  Probe  
  20  1:27  Nexus  
  20  1:33  Cybernetics Core  
  20  1:37  Probe  
  21  1:43  Assimilator  
  21  1:50  Probe  
  21  1:52  Pylon  
  22  2:02  Probe  
  23  2:09  Adept (Chrono Boost)  
  23  2:14  Probe  
  23  2:15  Warp Gate  
  26  2:24  Robotics Facility  
  26  2:26  Probe  
  26  2:29  Adept (Chrono Boost)  
  29  2:38  Probe  
  29  2:40  Probe  
  31  2:47  Adept (Chrono Boost)  
  31  2:50  Probe  
  34  2:52  Probe  
  35  3:02  Probe  
  35  3:04  Probe  
  37  3:08  Immortal (Chrono Boost)  
  41  3:14  Probe  
  41  3:16  Probe  
  43  3:24  Pylon  
  43  3:26  Probe  
  44  3:34  Gateway  
  44  3:36  Gateway  
  44  3:44  Probe x2  
  44  3:46  Pylon  
  47  3:50  Warp Prism (Chrono Boost)  
  48  3:56  Probe  
  48  3:57  Probe  
  48  4:02  Pylon  
  50  4:08  Probe, Assimilator  
  50  4:09  Probe  
  52  4:10  Forge, Assimilator  
  52  4:18  Observer (Chrono Boost)  
  52  4:21  Probe  
  52  4:22  Probe  
  55  4:24  Sentry  
  55  4:27  Robotics Bay  
  57  4:33  Probe, Observer  
  57  4:34  Probe  
  57  4:38  Sentry  
  62  4:40  Pylon  
  62  4:41  Stalker  
  62  4:45  Probe  
  65  4:46  Probe  
  65  4:49  Protoss Ground Armor Level 1 (Chrono Boost)  
  65  4:50  Pylon  
  66  4:57  Probe  
  66  4:58  Probe  
  68  5:03  Nexus  
  68  5:10  Probe  
  68  5:11  Forge  
  68  5:12  Probe  
  70  5:24  Probe  
  70  5:25  Probe  
  72  5:28  Colossus (Chrono Boost)  
  70  5:37  Probe x2  
  70  5:38  Extended Thermal Lance  
  70  5:41  Protoss Ground Weapons Level 1 (Chrono Boost)  
  72  5:44  Pylon  
  72  5:49  Probe x2, Twilight Council  
  74  5:54  Sentry  
  76  6:01  Probe x2  
  78  6:07  Shield Battery  
  78  6:12  Colossus (Chrono Boost)  
  78  6:13  Probe x2  
  78  6:17  Gateway  
  86  6:24  Stalker, Charge (Chrono Boost)  
  88  6:30  Probe x2  
  88  6:31  Probe  
  91  6:34  Stalker x2  
  91  6:39  Assimilator  
  95  6:40  Pylon, Assimilator  
  95  6:42  Probe x2  
  95  6:46  Probe  
  98  6:54  Probe, Pylon  
  98  6:55  Gateway  
  98  6:56  Protoss Ground Armor Level 2 (Chrono Boost)  
  98  6:57  Gateway  
  98  7:00  Colossus (Chrono Boost)  
  105  7:12  Gateway  
  105  7:15  Probe x3  
  108  7:17  Zealot, Gateway  
  108  7:18  Zealot  
  108  7:20  Pylon  
  111  7:27  Protoss Ground Weapons Level 2 (Chrono Boost)  
  111  7:32  Templar Archives  
  111  7:37  Nexus  
  111  7:42  Stalker x2  
  115  7:46  Stalker x2  
  119  7:54  Pylon  
  119  7:58  Colossus (Chrono Boost)  
  119  8:03  Stalker  
  123  8:06  Probe  
  123  8:10  Stalker x4  
  123  8:12  Probe  
  131  8:15  Zealot  
  133  8:30  Pylon  
  133  8:31  Zealot  
  133  8:34  Zealot x2, Pylon, High Templar x2  
  135  8:38  Archon  
  141  8:46  Probe x2  
  141  8:48  Probe  
  142  8:51  Assimilator  
  142  8:53  Assimilator, Observer (Chrono Boost)  
  142  8:55  Zealot x4  
  151  8:58  Protoss Ground Armor Level 3 (Chrono Boost), Zealot x2  
  151  9:02  Probe  
  155  9:03  Probe  
  155  9:05  Probe  
  155  9:09  Colossus (Chrono Boost)  
  158  9:16  Blink  
  157  9:25  Zealot x6  
  157  9:26  Zealot  
  157  9:27  Protoss Ground Weapons Level 3 (Chrono Boost)  
  171  9:32  Pylon  
  171  9:34  Pylon  
  171  9:51  Stalker x5  
  171  9:52  Probe x3  
  179  9:53  Probe  
  180  10:04  Probe  
  180  10:14  Zealot  
  180  10:15  Zealot x5  
  180  10:19  Stalker x2  
  186  10:26  Probe x2  
  188  10:31  Pylon  
  188  10:32  Pylon  
  188  10:33  Pylon  
  188  10:37  Nexus  
  188  10:38  Psionic Storm  
  188  10:39  Pylon  
  188  10:45  Pylon  
  187  10:51  High Templar x6  
  187  10:52  Gateway  
  187  10:54  Sentry  
  187  10:55  Gateway  
  187  10:56  Gateway  
  197  10:57  Gateway  
  197  10:58  Sentry  
  197  11:14  Gravitic Drive  
  197  11:15  Shield Battery  
  197  11:16  Observer (Chrono Boost)  
  197  11:18  Shield Battery  
  197  11:21  Protoss Shields Level 1 (Chrono Boost)  
  197  11:23  High Templar  
  197  11:24  Assimilator  
  199  11:28  Photon Cannon, Assimilator  
  199  11:31  Pylon  
  199  11:37  Pylon  
  179  12:07  High Templar x7  
  183  12:08  Zealot, High Templar  
  183  12:09  Zealot  
  183  12:14  Archon x4  
  165  12:23  Photon Cannon  
  165  12:26  Photon Cannon  
  164  12:31  Stalker x4  
  170  12:38  Photon Cannon  
  170  12:41  Stalker x6, Photon Cannon, Stargate  
  182  12:45  Stalker x2  
  186  13:00  Stalker x4  
  194  13:17  Stalker x6  
Show
View Real Time Build Order
Export as new Build Order

uThermal Terran 

Build Orders: Gas First Reaper Expand, Reaper Expand, MMM Bio 

Get SALT Encoding   

  12  0:01  SCV  
  13  0:14  SCV  
  14  0:18  Supply Depot  
  14  0:26  SCV  
  15  0:28  Refinery  
  15  0:39  SCV  
  16  0:45  Barracks  
  16  0:52  SCV  
  17  1:04  SCV  
  18  1:16  SCV  
  19  1:33  Orbital Command  
  19  1:34  Reaper  
  20  1:48  Command Center  
  20  1:58  SCV  
  20  2:01  Factory  
  21  2:07  Barracks Reactor  
  21  2:10  SCV  
  21  2:14  Supply Depot  
  22  2:23  SCV  
  23  2:35  SCV  
  24  2:47  SCV  
  24  2:49  Refinery  
  25  2:52  Hellion x2  
  29  3:00  SCV  
  29  3:01  Orbital Command  
  30  3:12  SCV  
  29  3:13  Cyclone  
  29  3:17  Cyclone  
  35  3:24  SCV  
  36  3:30  SCV  
  36  3:31  Barracks Tech Lab  
  37  3:36  SCV  
  38  3:42  SCV  
  38  3:45  Command Center  
  38  3:48  SCV  
  40  3:51  Marine, Stimpack  
  41  3:56  SCV  
  41  4:00  SCV  
  41  4:02  Factory Tech Lab  
  43  4:06  Supply Depot  
  43  4:08  SCV  
  44  4:10  Engineering Bay  
  44  4:12  SCV, Marine  
  46  4:23  SCV  
  45  4:26  Bunker  
  45  4:27  Siege Tank  
  45  4:28  Barracks  
  45  4:29  Marine  
  49  4:33  Supply Depot  
  49  4:36  Barracks  
  49  4:40  SCV x2  
  51  4:45  Supply Depot  
  51  4:47  Marine  
  51  4:52  SCV  
  53  4:59  SCV  
  52  5:02  Siege Tank  
  52  5:05  SCV, Marine  
  57  5:11  Orbital Command  
  57  5:13  SCV, Terran Infantry Weapons Level 1  
  58  5:17  Refinery, Marine x2  
  58  5:20  SCV  
  60  5:23  Marine  
  60  5:26  SCV  
  62  5:33  SCV  
  62  5:34  Starport  
  62  5:38  SCV x2, Missile Turret  
  62  5:41  Marine x2  
  62  5:42  Refinery  
  65  5:43  Combat Shields  
  65  5:44  Marine  
  65  5:45  SCV  
  65  5:46  Factory Reactor  
  65  5:48  Marine  
  68  5:50  SCV  
  68  5:53  Supply Depot  
  68  5:54  Concussive Shells  
  70  5:58  SCV  
  70  5:59  Marine  
  70  6:02  SCV  
  70  6:03  Marine x2  
  70  6:04  Supply Depot  
  74  6:08  Marine  
  74  6:10  SCV  
  74  6:11  Orbital Command  
  76  6:14  SCV  
  77  6:23  SCV, Marauder, Marine x2  
  81  6:26  Marauder, SCV  
  81  6:27  Factory Reactor  
  84  6:33  Missile Turret  
  84  6:35  SCV  
  84  6:36  SCV  
  84  6:39  SCV  
  87  6:41  Marine, Medivac  
  87  6:43  Medivac  
  87  6:45  Marauder  
  94  6:47  SCV  
  94  6:48  SCV  
  94  6:49  Marine x2, Supply Depot  
  94  6:51  SCV  
  99  6:56  Supply Depot  
  99  6:58  Marine  
  99  6:59  SCV  
  101  7:03  Supply Depot  
  101  7:08  SCV, Supply Depot  
  101  7:11  SCV x2, Marauder, Widow Mine x2  
  108  7:17  Medivac x2  
  108  7:19  Supply Depot  
  108  7:20  SCV  
  113  7:23  SCV x2  
  113  7:26  Supply Depot  
  113  7:28  Marauder, Marine  
  118  7:31  Refinery x2  
  118  7:32  SCV  
  118  7:34  Widow Mine x2  
  118  7:35  SCV  
  124  7:38  Barracks  
  124  7:41  Terran Infantry Armor Level 1, Barracks  
  124  7:44  Supply Depot  
  124  7:47  Medivac  
  124  7:48  Marine x2  
  124  7:49  Marauder, Marine  
  131  7:54  SCV  
  128  8:03  SCV  
  128  8:04  SCV  
  118  8:06  Marine x2  
  118  8:08  Marauder, SCV  
  118  8:10  Marauder  
  120  8:13  Viking  
  120  8:15  SCV, Starport  
  120  8:17  Viking  
  125  8:22  Factory Tech Lab  
  125  8:24  Marine x2  
  127  8:27  Barracks Tech Lab  
  127  8:28  Barracks Reactor  
  127  8:29  Marauder  
  127  8:31  Marauder  
  131  8:41  Marine, Barracks  
  131  8:42  Marine, Barracks  
  131  8:44  Barracks  
  124  8:50  Marauder  
  124  8:52  Viking x2  
  124  8:53  Marauder, Viking x2  
  136  8:56  Marine  
  136  9:02  Marine  
  138  9:09  Marine  
  135  9:12  Marauder  
  135  9:16  Marine  
  132  9:18  Armory  
  132  9:22  Viking, Medivac x2  
  132  9:24  Medivac  
  134  9:26  Marine x2  
  134  9:27  Command Center  
  135  9:36  Barracks Tech Lab, Barracks Reactor x2  
  135  9:39  Marine x2  
  135  9:40  Marauder, Liberator  
  135  9:43  Marine  
  135  9:44  Marauder  
  142  9:50  Marine  
  142  9:52  Supply Depot  
  141  9:53  Marine  
  141  9:57  Viking x2  
  144  10:00  Supply Depot  
  144  10:01  Marauder x2  
  144  10:04  Marine  
  144  10:06  Marine  
  147  10:14  Siege Tank, Liberator  
  143  10:15  Marauder, Marine, Liberator  
  143  10:17  Marine  
  143  10:18  Marauder  
  149  10:21  Marine  
  149  10:23  Marauder  
  149  10:25  Marauder, Marine, Supply Depot  
  149  10:26  Supply Depot  
  155  10:29  Marine, Liberator  
  155  10:30  Viking  
  155  10:37  Marauder  
  155  10:38  Terran Infantry Weapons Level 2  
  155  10:40  Marine  
  155  10:41  Marine  
  157  10:46  Supply Depot  
  157  10:49  Marauder, Marine  
  163  10:51  Liberator  
  163  10:55  Marine, Supply Depot  
  163  10:56  Liberator  
  163  10:57  Marine  
  164  10:58  Liberator  
  164  11:09  Marine  
  164  11:10  Orbital Command  
  168  11:12  Liberator  
  174  11:20  Marine x2  
  174  11:21  Marine  
  174  11:23  Marine  
  174  11:25  Marine  
  181  11:33  Liberator  
  180  11:40  Marine x2  
  180  11:41  Marauder  
  180  11:43  Marauder, Marine  
  180  11:45  Sensor Tower  
  186  11:47  Liberator  
  186  11:54  Marauder, Marine  
  187  11:56  Marine  
  187  11:57  Marauder  
  160  12:03  Liberator  
  160  12:05  Marauder, Marine x2  
  160  12:08  Marine  
  164  12:09  Marauder  
  164  12:10  Marine  
  153  12:16  Marauder, Marine  
  153  12:21  Marine  
  153  12:22  Marine  
  156  12:24  Liberator  
  156  12:28  Marine  
  156  12:29  Marauder  
  160  12:31  Marine  
  160  12:32  Marine  
  165  12:44  Marine  
  165  12:45  Marine, Supply Depot  
  165  12:49  Marauder  
  153  12:59  Marauder, Marine x2  
Tags
 
Add a new tag
Caveats
  • Supply blocks, unpowered buildings, or Contaminate may cause inaccurate times.
  • Supply counts are checked every 10 seconds.